 Dungeon Crawl Stone Soup version 0.28.0-1-gb440e238dd (webtiles) character file.

Game seed: 14083362168565143819

93 fragbeetle the Changer (level 4, -5/35 HPs)
             Began as a Draconian Transmuter on Feb 25, 2022.
             Killed by divine providence
             ... invoked by an orc priest
              (12 damage)
             ... on level 3 of the Dungeon.
             The game lasted 00:03:02 (1856 turns).

fragbeetle the Changer (Draconian Transmuter)       Turns: 1856, Time: 00:03:03

Health: -5/35      AC:  2    Str: 14    XL:     4   Next: 36%
Magic:  4/7        EV: 19    Int: 14    God:
Gold:   84         SH:  0    Dex: 16    Spells: 3/7 levels left

rFire   . . .      SeeInvis .     - Unarmed
rCold   . . .      Faith    .   (shield currently unavailable)
rNeg    . . .      Spirit   .   (armour unavailable)
rPois   x          Reflect  .   (helmet currently unavailable)
rElec   .          Harm     .   (cloak currently unavailable)
rCorr   .          Rampage  .   (gloves currently unavailable)
Will    .....                   (boots currently unavailable)
Stlth   +.........              (no amulet)
HPRegen 0.11/turn               (no ring)
MPRegen 0.10/turn               (no ring)

@: spider-form
A: venomous fangs, AC +5, tiny, unfitting armour, (cold-blooded)
a: End Transformation


You were on level 3 of the Dungeon.
You were a venomous arachnid creature.
You visited 1 branch of the dungeon, and saw 3 of its levels.

You collected 84 gold pieces.

Inventory:

Armour
 i - a +1 cloak (melded)
Jewellery
 e - a ring of see invisible
Scrolls
 c - a scroll of enchant weapon {unknown}
 d - a scroll of identify {unknown}
 g - 4 scrolls of teleportation {unknown}
 h - a scroll of amnesia {unknown}
Potions
 a - a potion of flight {unknown}
 b - 2 potions of curing {unknown}
 f - a potion of degeneration {unknown}
 j - a potion of attraction {unknown}
 k - 2 potions of resistance {unknown}


   Skills:
 - Level 1.1 Fighting
 - Level 1.7 Dodging
 - Level 3.0 Unarmed Combat
 - Level 2.0 Spellcasting
 + Level 4.1 Transmutations
 + Level 1.8 Poison Magic


You had 3 spell levels left.
You knew the following spells:

 Your Spells              Type           Power      Damage    Failure   Level
a - Beastly Appendage     Tmut           26%        N/A       13%         1
b - Spider Form           Tmut/Pois      9%         N/A       41%         3

Your spell library contained the following spells:

 Spells                   Type           Power      Damage    Failure   Level
 Wereblood                Tmut           13%        N/A       17%         2
 Slow                     Hex            4%         N/A       45%         1
 Blink                    Tloc           2%         N/A       56%         2
 Confusing Touch          Hex            1%         N/A       77%         3
 Lesser Beckoning         Tloc           1%         N/A       77%         3
 Vampiric Draining        Necr           1%         2d6       77%         3
 Ice Form                 Ice/Tmut       7%         N/A       86%         4
 Manifold Assault         Tloc           1%         N/A       100%        5


Dungeon Overview and Level Annotations

Branches:
Dungeon (3/15)

Altars:

Annotations:
D:2 Terence


Innate Abilities, Weirdness & Mutations

You are a venomous arachnid creature.
You have poisonous fangs.
You are tiny and dextrous.
Your spellcasting is less reliable in this form.
Your armour is entirely melded.
You are incapable of wielding weapons or throwing items.
((Your plain brown scales are hard. (AC +5)))
You cannot fit into any form of body armour.
((You are cold-blooded and may be slowed by cold attacks.))


Message History

Your tail-slap misses the orc priest.
The orc priest is lightly wounded.
Your horns disappear.
Your talons disappear.
The orc priest invokes the aid of Beogh against you.
Pain shoots through your body!
You closely miss the orc priest.
The orc priest is lightly wounded.
The orc priest hits you with a +0 trident.
The orc wizard hits you but does no damage.
You hit the orc priest but do no damage.
The orc priest is lightly wounded.
The orc priest hits you with a +0 trident.
The orc barely misses you.
The orc wizard hits you but does no damage.
You barely miss the orc priest.
The orc priest is lightly wounded.
The orc priest completely misses you. The orc hits you but does no damage.
The orc wizard hits you but does no damage.
Casting: Beastly Appendage (safe; 4% risk of failure)
Confirm with . or Enter, or press ? or * to list all spells.
The spell is quite dangerous to miscast (21% risk of failure)!
Continue anyway?
You turn into a venomous arachnid creature.
Your +1 cloak melds into your body.
The orc priest closely misses you. The orc closely misses you.
The orc wizard mumbles some strange words.
The orc wizard flickers and vanishes!
Deactivating autopickup; reactivate with Ctrl-A.
Unknown command.
You barely miss the orc priest.
The orc priest is lightly wounded.
The orc priest closely misses you. The orc misses you.
You hear some strange, mumbled words.
A magic dart appears from out of thin air!
The magic dart hits you!
* * * LOW HITPOINT WARNING * * *
You barely miss the orc priest.
The orc priest is lightly wounded.
The orc priest calls down the wrath of Beogh upon you.
Beogh smites you!
You die...

#..# ##
##.# ...#
#.## #.#.
#..# ...
##.# #.#
#.# #..##
#.#
#.o.###.#
#.{s.##.#
##o#.##.#
#.#..#.#
#.##.#.#
..
#...###
#.
##....#
#. ###..#
#. #..#
##.#


You could see an orc priest and an orc.

Vanquished Creatures
  2 adders (D:2)
  A gnoll (D:2)
  A worm (D:2)
  2 dart slugs (D:1)
  3 orcs
  5 ball pythons
  4 endoplasms
  5 giant cockroaches
  2 hobgoblins (D:2)
  3 quokkas
  4 bats
  5 frilled lizards
  5 goblins
  6 kobolds
  7 rats
55 creatures vanquished.

Vanquished Creatures (others)
  A fungus (D:1)
  2 plants (D:1)
3 creatures vanquished.

Grand Total: 58 creatures vanquished

Notes
Turn   | Place    | Note
-------+----------+-------------------------------------------
     0 | D:1      | fragbeetle the Draconian Transmuter began the quest for the
                  | Orb.
     0 | D:1      | Reached XP level 1. HP: 16/16 MP: 3/3
   219 | D:1      | Reached XP level 2. HP: 23/23 MP: 3/5
   281 | D:1      | Reached skill level 3 in Transmutations
   729 | D:1      | Found a faded altar of an unknown god.
   914 | D:1      | Reached XP level 3. HP: 28/28 MP: 4/6
   918 | D:1      | Learned a level 3 spell: Spider Form
  1215 | D:2      | Reached skill level 1 in Poison Magic
  1357 | D:2      | Reached skill level 4 in Transmutations
  1357 | D:2      | Reached XP level 4. HP: 33/35 MP: 5/7
  1674 | D:2      | Noticed Terence
  1856 | D:3      | Killed from afar by an orc priest

Illustrated notes

Levels and vault maps discovered:
D:1:      dpeg_arrival_leaves_temple_mockup, layout_basic,
          shapermc_ecumenical_altar_hornbeckon, minmay_pentomino_t2
D:2:      minmay_evil_eye, layout_basic, minmay_split_cup_large, uniq_terence
D:3:      layout_rooms, grunt_temple_overflow_open,
          nicolae_ashenzari_panopticon, cheibrodos_sewer_entry_sluice

Skill      XL: |  1  2  3 |
---------------+----------+-----
Transmutations | 3 4 |  4.1
Poison Magic   | 1 |  1.8
Fighting       | |  1.1
Dodging        | |  1.7
Unarmed Combat | |  3.0
Spellcasting   | |  2.0

Action                   |  1- 3 |  4- 6 || total
-------------------------+-------+-------++-------
Melee: Unarmed           |   115 |    38 ||   153
       Headbutt          |    15 |     5 ||    20
       Kick              |    25 |    10 ||    35
       Tailslap          |    10 |     2 ||    12
 Cast: Beastly Appendage |    24 |     5 ||    29
       Spider Form       |       |     1 ||     1
Armor: Skin              |    44 |    19 ||    63
Dodge: Dodged            |    69 |    23 ||    92
